 Dungeon Crawl Stone Soup version 0.31-a0-182-gc5ef74bbde (webtiles) character file.

Game seed: 14207024597628216671

60 qw the Shooter (level 4, -1/39 HPs)
             Began as a Naga Hunter on June 20, 2023.
             Killed by nerve-wracking pain
             ... invoked by Menkaure
              (13 damage)
             ... on level 4 of the Dungeon.
             The game lasted 00:00:30 (1405 turns).

qw the Shooter (Naga Hunter)                        Turns: 1405, Time: 00:00:30

Health: -1/39      AC:  2    Str: 13    XL:     4   Next: 6%
Magic:  4/4        EV: 14    Int: 10    God:
Gold:   162        SH:  0    Dex: 16    Spells: 3/3 levels left

rFire   . . .        Y - +0 shortbow
rCold   . . .        (shield currently unavailable)
rNeg    . . .        c - +0 leather armour
rPois   +            (no helmet)
rElec   .            (no cloak)
rCorr   .            (no gloves)
SInv    +            (no barding)
Will    .....        (no amulet)
Stlth   ++           h - +5 ring of evasion
HPRegen 0.26/turn    (no ring)
MPRegen 0.09/turn

%: no passive effects
@: very slow
A: AC +1, large, see invisible, deformed body, poison resistance, slowness 2,
spit poison 1, naga tail 1
a: Spit Poison


You were on level 4 of the Dungeon.
You visited 1 branch of the dungeon, and saw 5 of its levels.

You collected 162 gold pieces.


Innate Abilities, Weirdness & Mutations

Your serpentine skin is tough. (AC +1)
You have supernaturally acute eyesight. (SInv)
Armour fits poorly on your strangely shaped body.
Your system is resistant to poisons. (rPois)
You cover ground very slowly.
You can spit poison.
You have a snake-like lower body.


   Skills:
 + Level 2.0 Fighting
 - Level 5.0 Ranged Weapons
 - Level 1.5 Dodging
 - Level 1.5 Stealth


You had 3 spell levels left.
You didn't know any spells.
Your spell library was empty.

Inventory:

Hand Weapons
 Y - a +0 shortbow (weapon)
Armour
 c - a +0 leather armour (worn)
Jewellery
 d - the ring of Monekoum {+Blink rF+ rC- Str+2 Int+6}
   (You took it off a hobgoblin on level 2 of the Dungeon)

   [ring of intelligence]

   Str:       It affects your strength (+2).
   Int:       It affects your intelligence (+6).
   rF:        It protects you from fire.
   rC:        It makes you vulnerable to cold.
   +Blink:    It lets you blink.
 h - a +5 ring of evasion (left hand)
Potions
 b - a potion of might {unknown}
 e - a potion of heal wounds {unknown}
 g - a potion of cancellation {unknown}

Dungeon Overview and Level Annotations

Branches:
Dungeon (5/15)
 Temple: D:4-7

Altars:

Shops:
D:1 [

Annotations:
D:4 Menkaure


Message History

Press: ? - help, Shift-Dir - straight line, f/p - adder The splash of poison hits the adder.
The adder is poisoned.
The adder is heavily wounded.
The adder bites you.
You shoot an arrow. The arrow hits the adder!
You kill the adder!
Your Ranged Weapons skill increases to level 5!
You have reached level 4!
You feel clever.
You start resting.
You have got your breath back.
HP restored.
An endoplasm comes into view.
You shoot an arrow.
The arrow hits the endoplasm but does no damage.
The endoplasm quivers.
You shoot an arrow. The arrow barely misses the endoplasm.
You shoot an arrow. The arrow hits the endoplasm!
You kill the endoplasm!
Found a sling.
Found a stone staircase leading down.
Menkaure, Prince of Dust comes into view.
You shoot an arrow. The arrow hits Menkaure.
Menkaure shouts!
Menkaure is lightly damaged.
You shoot an arrow. The arrow hits Menkaure!
Menkaure is heavily damaged.
You shoot an arrow. The arrow barely misses Menkaure.
Menkaure casts a spell.
Menkaure seems to speed up.
You shoot an arrow. The arrow hits Menkaure.
Menkaure is heavily damaged.
You shoot an arrow. The arrow barely misses Menkaure.
Menkaure calls on the powers of darkness!
Your body is wracked with pain!
You shoot an arrow. The arrow hits Menkaure.
Menkaure is severely damaged.
Menkaure hits you! Menkaure casts a spell at you.
Pain shoots through your body!
You die...

....... .#
.......#.#
.......#.#
.$......>###
#.....!....#
#..........#
#...$......#####
#....M@........
#.#####.######
#...#.# #.#.#.#
#.#.#.# #.#.#.#
#.#.#.# #.#.#.#
#.#.#.#######


You could see Menkaure (fast).

Vanquished Creatures
  2 adders
  A dart slug (D:2)
  3 ball pythons
  3 endoplasms
  3 goblins
  3 hobgoblins
  4 jackals (D:2)
  3 quokkas
  4 bats (D:2)
  4 frilled lizards (D:2)
  4 kobolds
  5 rats
39 creatures vanquished.

Notes
Turn   | Place    | Note
-------+----------+-------------------------------------------
     0 | D:1      | qw the Naga Hunter began the quest for the Orb.
     0 | D:1      | Reached XP level 1. HP: 19/19 MP: 1/1
     0 | D:1      | 0 ||| qw: Version: 0.3-a-9-g12657ce
     0 | D:1      | 0 ||| qw: Game counter: 1224
     0 | D:1      | 0 ||| qw: Always use a shield: true
     0 | D:1      | 0 ||| qw: God list: Okawaru
     0 | D:1      | 0 ||| qw: Allow faded altars: false
     0 | D:1      | 0 ||| qw: Do Orc after D:15 true
     0 | D:1      | 0 ||| qw: Do second Lair branch before Depths: true
     0 | D:1      | 0 ||| qw: Lair rune preference: random
     0 | D:1      | 0 ||| qw: Plans: Normal
     0 | D:1      | 0 ||| PLANNING D:1-11
    48 | D:1      | 48 ||| INVOKING Spit Poison.
    91 | D:1      | 91 ||| INVOKING Spit Poison.
   121 | D:1      | 121 ||| INVOKING Spit Poison.
   122 | D:1      | 122 ||| INVOKING Spit Poison.
   381 | D:1      | 381 ||| INVOKING Spit Poison.
   401 | D:1      | 401 ||| INVOKING Spit Poison.
   402 | D:1      | Reached skill level 4 in Ranged Weapons
   402 | D:1      | Reached XP level 2. HP: 26/26 MP: 2/2
   413 | D:1      | Found Offy's Antique Armour Boutique.
   423 | D:1      | 423 ||| SHOPLISTING bloodstained ring mail (234 gold, have
                  | 22).
   423 | D:1      | 423 ||| SHOPLISTING cloak (117 gold, have 22).
   423 | D:1      | 423 ||| SHOPLISTING pair of glowing gloves (195 gold, have
                  | 22).
   424 | D:1      | Noticed a floating eye
   425 | D:1      | Found a faded altar of an unknown god.
   427 | D:1      | 427 ||| INVOKING Spit Poison.
   429 | D:1      | 429 ||| INVOKING Spit Poison.
   430 | D:1      | Noticed a great orb of eyes
   430 | D:1      | Noticed a floating eye
   430 | D:1      | Noticed a floating eye
   456 | D:1      | 456 ||| INVOKING Spit Poison.
   472 | D:1      | 472 ||| INVOKING Spit Poison.
   501 | D:1      | 501 ||| INVOKING Spit Poison.
   723 | D:1      | 723 ||| READING 3 scrolls labelled ZUIKHL COYRUU.
   724 | D:1      | 724 ||| DRINKING 2 fuming emerald potions.
   829 | D:1      | 829 ||| DROPPING 2 scrolls of fog.
   830 | D:1      | 830 ||| DROPPING scroll of butterflies.
   831 | D:1      | 831 ||| DROPPING potion of berserk rage.
   842 | D:2      | 842 ||| INVOKING Spit Poison.
   847 | D:2      | 847 ||| INVOKING Spit Poison.
   867 | D:2      | 867 ||| INVOKING Spit Poison.
   884 | D:2      | 884 ||| INVOKING Spit Poison.
   885 | D:2      | 885 ||| INVOKING Spit Poison.
   892 | D:2      | 892 ||| INVOKING Spit Poison.
   900 | D:2      | 900 ||| INVOKING Spit Poison.
   904 | D:2      | Reached XP level 3. HP: 32/32 MP: 3/3
   905 | D:2      | 905 ||| INVOKING Spit Poison.
   921 | D:2      | Identified the ring of Monekoum {+Blink rF+ rC- Str+2
                  | Int+6}
   923 | D:2      | 923 ||| INVOKING Spit Poison.
   987 | D:2      | 987 ||| INVOKING Spit Poison.
  1069 | D:2      | 1069 ||| INVOKING Spit Poison.
  1119 | D:2      | 1119 ||| INVOKING Spit Poison.
  1125 | D:2      | 1125 ||| INVOKING Spit Poison.
  1129 | D:2      | 1129 ||| INVOKING Spit Poison.
  1132 | D:2      | 1132 ||| INVOKING Spit Poison.
  1135 | D:2      | 1135 ||| INVOKING Spit Poison.
  1245 | D:2      | 1245 ||| UPGRADING to +5 ring of evasion.
  1246 | D:2      | 1246 ||| READING scroll labelled REONIW WAYDAOFUQU.
  1247 | D:2      | 1247 ||| READING scroll labelled YNARUA WUCH.
  1291 | D:3      | 1291 ||| INVOKING Spit Poison.
  1297 | D:3      | You fall into a shaft and drop 2 floors!
  1297 | D:5      | Entered Level 5 of the Dungeon
  1325 | D:5      | Noticed a scorpion
  1326 | D:5      | 1326 ||| FLEEEEING.
  1326 | D:5      | Noticed a black bear
  1327 | D:5      | 1327 ||| STAIRDANCE
  1331 | D:4      | 1331 ||| INVOKING Spit Poison.
  1332 | D:4      | 1332 ||| INVOKING Spit Poison.
  1336 | D:4      | 1336 ||| INVOKING Spit Poison.
  1338 | D:4      | Reached skill level 5 in Ranged Weapons
  1338 | D:4      | Reached XP level 4. HP: 36/39 MP: 4/4
  1399 | D:4      | Noticed Menkaure
  1405 | D:4      | Killed from afar by Menkaure

Levels and vault maps discovered:
D:1:      lightli_arrival_farm, layout_basic, serial_shops, shop,
          hellmonk_ecumenical_altar_watching_god
D:2:      layout_rooms, wad_floor_pattern_1
D:3:      layout_loops_cross, grunt_temple_overflow_open,
          evilmike_ruin_ashenzari, uniq_grinder
D:4:      layout_basic, nicolae_qazlal_eye_of_the_storm, uniq_duvessa,
          uniq_menkaure
D:5:      layout_basic, minmay_a_box_with_orc_wizards_in_it

Skill      XL: |  1  2  3 |
---------------+----------+-----
Ranged Weapons | 4 5 |  5.0
Fighting       | |  2.0
Dodging        | |  1.5
Stealth        | |  1.5

Action                     |  1- 3 |  4- 6 || total
---------------------------+-------+-------++-------
   Fire: Shortbow          |    54 |     9 ||    63
Ability: Spit Poison       |    27 |       ||    27
    Use: Scroll            |     3 |       ||     3
         Potion            |     1 |       ||     1
 Armour: Leather armour    |    12 |       ||    12
  Dodge: Dodged            |    16 |       ||    16

Table legend:
 A = Non-vault XP
 B = Vault XP
 C = Vault XP percentage of total XP
 D = Non-vault monster count
 E = Vault monster count
 F = Vault count percentage of total count
                 A         B        C        D         E       F
            +---------+---------+-------+---------+---------+-------
      Total |      87 |       0 |   0.0 |      39 |       0 |   0.0
            +---------+---------+-------+---------+---------+-------
        D:1 |      19 |       0 |   0.0 |      11 |       0 |   0.0
        D:2 |      51 |       0 |   0.0 |      25 |       0 |   0.0
        D:3 |       2 |       0 |   0.0 |       1 |       0 |   0.0
        D:4 |      15 |       0 |   0.0 |       2 |       0 |   0.0
            +---------+---------+-------+---------+---------+-------
